 Dungeon Crawl Stone Soup version 0.31.0-11-ge490571c62 (webtiles) character file.

Game seed: 11706560325777019881

8170 qw the Nimble (level 11, -1/56 HPs)
             Began as a Spriggan Hunter on Feb 5, 2024.
             Was an Elder of Okawaru.
             Slain by an orc priest
             ... wielding a +0 dagger
              (3 damage)
             ... on level 10 of the Dungeon.
             The game lasted 00:08:28 (8272 turns).

qw the Nimble (Spriggan Hunter)                     Turns: 8272, Time: 00:08:29

Health: -1/56      AC: 10    Str:  7    XL:     11   Next: 6%
Magic:  15/15      EV: 35    Int: 11    God:    Okawaru [****..]
Gold:   449        SH:  5    Dex: 23    Spells: 10/10 levels left

rFire   . . .        q - +3 orcbow
rCold   . . .        (shield currently unavailable)
rNeg    . . .        i - +0 steam dragon scales
rPois   .            (helmet restricted)
rElec   .            e - +0 cloak
rCorr   .            (gloves unavailable)
SInv    +            (boots unavailable)
Will    +....        d - amulet of reflection
Stlth   +++          b - +5 ring of evasion
HPRegen 0.29/turn    p - +4 ring of protection
MPRegen 0.14/turn

%: random rage (3%), reflection
@: about to teleport, very quick
A: very small, no large weapons, unfitting armour, see invisible, speed 3,
camouflage 1, berserk 1, wild magic 1
a: Renounce Religion, Heroism, Finesse


You were on level 10 of the Dungeon.
You worshipped Okawaru.
Okawaru was greatly pleased with you.
You visited 2 branches of the dungeon, and saw 11 of its levels.
You also visited: Ossuary.

You collected 529 gold pieces.
You spent 80 gold pieces at shops.


Innate Abilities, Weirdness & Mutations

You are very small and have problems with some larger weapons.
You are too small for most types of armour.
You have supernaturally acute eyesight. (SInv)
You cover ground extremely quickly. (Speed+++)
Your skin changes colour to match your surroundings (Stealth+).
You sometimes lose your temper in combat.
Your spells are a little harder to cast, but a little more powerful.


   Skills:
 - Level 5.4 Fighting
 - Level 12.0 Ranged Weapons
 - Level 2.4 Armour
 + Level 12.7 Dodging
 - Level 1.5 Stealth
 + Level 4.7 Invocations


You had 10 spell levels left.
You didn't know any spells.
Your spell library was empty.

Inventory:

Hand Weapons
 q - a +3 orcbow (weapon)
Armour
 e - a +0 cloak (worn)
 i - +0 steam dragon scales (worn)
Jewellery
 b - a +5 ring of evasion (left hand)
 d - an amulet of reflection (around neck)
 p - a +4 ring of protection (right hand)
 s - a +6 ring of intelligence
Wands
 a - a wand of roots (11)
 g - a wand of quicksilver (18)
 o - a wand of paralysis (6)
 t - a wand of mindburst (6)
Scrolls
 c - a scroll of enchant armour {unknown}
 k - a scroll of teleportation
 r - a scroll of acquirement {unknown}
Potions
 f - 11 potions of curing
 h - 3 potions of haste
 j - 2 potions of resistance
 l - a potion of cancellation
 m - 4 potions of enlightenment
 n - a potion of magic

Dungeon Overview and Level Annotations

Branches:
Dungeon (10/15)            Temple (1/1) D:6            Lair (0/5) D:10
    Orc (0/2) D:9         Ossuary (visited)

Altars:
Ashenzari
Cheibriados
Dithmenos
Elyvilon
Fedhas
Gozag
Hepliaklqana
Kikubaaqudgha
Makhleb
Nemelex Xobeh
Okawaru
Qazlal
Ru
Sif Muna
Trog
Uskayaw
Vehumet
Wu Jian
Xom
Yredelemnul
Zin
The Shining One

Shops:
D:4 (   D:5 (   D:7 ?

Annotations:
D:3 3 runed translucent doors, qw's ghost, amateur DEHu


Message History

The orc priest looks braver for a moment.
You shoot an arrow. The arrow hits the komodo dragon.
The komodo dragon is lightly wounded.
You shoot an arrow.
The arrow barely misses the komodo dragon.
The arrow hits the orc.
The orc is severely wounded.
You shoot an arrow.
The arrow closely misses the komodo dragon.
The arrow hits the orc!
You kill the orc!
Okawaru accepts your kill.
A nearby plant withers and dies.
The komodo dragon bites you.
You shoot an arrow. The arrow hits the komodo dragon!
The komodo dragon is moderately wounded.
The komodo dragon bites you!!
You shoot an arrow.
The arrow barely misses the komodo dragon.
The arrow hits the orc priest but does no damage.
The orc priest miscasts a cantrip.
The komodo dragon barely misses you.
You shoot an arrow. The arrow hits the komodo dragon.
The komodo dragon is heavily wounded.
The komodo dragon completely misses you.
You shoot an arrow.
The arrow closely misses the komodo dragon.
The arrow hits the orc priest but does no damage.
You shoot an arrow.
The arrow hits the komodo dragon but does no damage.
The komodo dragon is heavily wounded.
The komodo dragon closely misses you.
You shoot an arrow. The arrow hits the komodo dragon!
The komodo dragon is severely wounded.
The komodo dragon bites you!! The orc priest completely misses you.
8272 ||| READING 2 scrolls of teleportation.
As you read the scroll of teleportation, it crumbles to dust.
You feel strangely unstable.
The komodo dragon completely misses you.
The orc priest hits you with a +0 dagger.
You die...

........##....#
........####..#
........#
#..##########
......#.#
#...........#
.....##.#
#####.#####.#
#######.## #.#
#..# #.# ##<#
#.# ########.#
#@# .........#
#ol....PP
##########
##..P.PPP
..).... #......
.PPP.> #P..P.


..PPP You could see a komodo dragon and an orc priest.

Vanquished Creatures
  Harold (D:10)
  Urug (D:10)
  Maurice (D:10)
  2 trolls (D:10)
  A hornet (D:9)
  A vampire (D:9)
  A wraith (D:10)
  9 yaks (D:8)
  A wyvern (D:9)
  A steam dragon (D:9)
  A water moccasin (D:7)
  A black bear (D:4)
  4 orc warriors
  An ice beast (D:8)
  4 ogres
  A sky beast (D:7)
  3 centaurs
  3 phantoms
  3 kobold brigands
  A weeping skull (Ossuary)
  3 bullfrogs
  6 water moccasin zombies (Ossuary)
  8 wights
  5 howler monkeys
  5 hounds
  A jelly (D:5)
  4 orc priests
  A gnoll bouda (D:8)
  2 sleepcaps
  Jessica (D:2)
  Natasha (thrice) (D:2)
  2 iguanas (D:6)
  7 orc wizards
  2 crocodile zombies (Ossuary)
  A bullfrog simulacrum (Ossuary)
  3 mummies
  7 adders
  4 gnolls (D:5)
  3 white imps
  3 adder zombies (Ossuary)
  2 ribbon worms
  5 dart slugs
  32 orcs
  11 bats
  7 endoplasms
  A giant cockroach (D:4)
  5 gnoll zombies (Ossuary)
  13 goblins
  7 hobgoblins
  9 jackals
  4 quokkas
  5 ball pythons
  5 frilled lizards
  4 jackal zombies (Ossuary)
  25 kobolds
  2 kobold zombies (D:4)
  5 orc zombies (Ossuary)
  A butterfly (D:3)
255 creatures vanquished.

Notes
Turn   | Place    | Note
-------+----------+-------------------------------------------
     0 | D:1      | qw the Spriggan Hunter began the quest for the Orb.
     0 | D:1      | Reached XP level 1. HP: 10/10 MP: 2/2
     0 | D:1      | 0 ||| qw: Version: 0.3-a-160-g6735b56
     0 | D:1      | 0 ||| qw: Game counter: 6396
     0 | D:1      | 0 ||| qw: Melee chars always use a shield: true
     0 | D:1      | 0 ||| qw: God list: Okawaru
     0 | D:1      | 0 ||| qw: Allow faded altars: false
     0 | D:1      | 0 ||| qw: Do Orc after clearing Dungeon:15 true
     0 | D:1      | 0 ||| qw: Do second Lair branch before Depths: true
     0 | D:1      | 0 ||| qw: Lair rune preference: random
     0 | D:1      | 0 ||| qw: Goals: Normal
     0 | D:1      | 0 ||| PLANNING D:1-11
    65 | D:1      | Reached skill level 3 in Dodging
   124 | D:1      | Reached XP level 2. HP: 13/14 MP: 3/3
   531 | D:1      | Reached XP level 3. HP: 18/18 MP: 4/4
   649 | D:1      | 649 ||| READING scroll labelled GOIGAG MI FUU.
   650 | D:1      | 650 ||| READING scroll labelled USIVUE ZAMNYKH.
   651 | D:1      | 651 ||| READING 3 scrolls labelled HUXIMI BOPPELEU.
   651 | D:1      | 651 ||| IDENTIFYING lumpy pink potion
   652 | D:1      | 652 ||| READING 2 scrolls of identify.
   652 | D:1      | 652 ||| IDENTIFYING 3 scrolls labelled GUORAUKHLAJE
   653 | D:1      | 653 ||| READING 3 scrolls of enchant weapon.
   653 | D:1      | 653 ||| ENCHANTING +0 shortbow.
   654 | D:1      | 654 ||| READING 2 scrolls of enchant weapon.
   654 | D:1      | 654 ||| ENCHANTING +1 shortbow.
   655 | D:1      | 655 ||| READING scroll of enchant weapon.
   655 | D:1      | 655 ||| ENCHANTING +2 shortbow.
   656 | D:1      | 656 ||| DROPPING scroll of butterflies.
   657 | D:1      | 657 ||| DROPPING potion of ambrosia.
   757 | D:2      | Noticed Natasha
   760 | D:2      | 760 ||| RETREEEEATING.
   762 | D:2      | 762 ||| RETREEEEATING.
   764 | D:2      | 764 ||| RETREEEEATING.
   769 | D:2      | Killed Natasha
   770 | D:2      | Reached XP level 4. HP: 14/22 MP: 5/5
   954 | D:2      | Noticed Natasha
   961 | D:2      | Killed Natasha
  1042 | D:2      | Noticed Natasha
  1046 | D:2      | Killed Natasha
  1090 | D:2      | Noticed Jessica
  1091 | D:2      | Killed Jessica
  1092 | D:2      | Reached XP level 5. HP: 26/26 MP: 6/6
  1295 | D:2      | 1295 ||| READING scroll of identify.
  1295 | D:2      | 1295 ||| IDENTIFYING black potion
  1296 | D:2      | 1296 ||| READING scroll labelled COUMEG COLO.
  1297 | D:2      | 1297 ||| READING 2 scrolls labelled MUFUNLO YSEY.
  1298 | D:2      | 1298 ||| READING scroll labelled FEJOOR NAPN.
  1302 | D:2      | 1302 ||| DROPPING scroll of noise.
  1312 | D:3      | Found a shimmering altar of Xom.
  1318 | D:3      | 1318 ||| STAIRDANCE
  1331 | D:3      | 1331 ||| STAIRDANCE
  1367 | D:3      | Found a shimmering blue altar of Sif Muna.
  1573 | D:3      | Found a runed translucent gate.
  1574 | D:3      | Found a runed translucent gate.
  1590 | D:3      | Found a runed translucent gate.
  1787 | D:3      | Noticed qw's ghost (amateur DEHu)
  1811 | D:3      | 1811 ||| UPGRADING to amulet of reflection.
  1816 | D:3      | 1816 ||| UPGRADING to +5 ring of evasion.
  1817 | D:3      | 1817 ||| READING 3 scrolls of identify.
  1817 | D:3      | 1817 ||| IDENTIFYING dark potion
  1818 | D:3      | 1818 ||| READING 2 scrolls of identify.
  1818 | D:3      | 1818 ||| IDENTIFYING fuming white potion
  1819 | D:3      | 1819 ||| READING scroll of identify.
  1819 | D:3      | 1819 ||| IDENTIFYING scroll labelled ENOMIA GOUFFAUSI
  1820 | D:3      | 1820 ||| DROPPING scroll of poison.
  1825 | D:4      | 1825 ||| PLANNING OSSUARY
  1829 | D:4      | Found Ebbeligru's Antique Weapon Emporium.
  1847 | D:4      | 1847 ||| READING scroll of enchant weapon.
  1847 | D:4      | 1847 ||| ENCHANTING +3 shortbow.
  1888 | D:4      | Noticed a phantom
  1897 | D:4      | Killed a phantom
  1898 | D:4      | Reached skill level 6 in Ranged Weapons
  1898 | D:4      | Reached XP level 6. HP: 30/30 MP: 7/7
  1951 | D:4      | Reached skill level 6 in Dodging
  2039 | D:4      | Found a sand-covered staircase.
  2108 | D:4      | 2108 ||| READING 2 scrolls of identify.
  2108 | D:4      | 2108 ||| IDENTIFYING lumpy brown potion
  2109 | D:4      | 2109 ||| READING scroll of identify.
  2109 | D:4      | 2109 ||| IDENTIFYING orange potion
  2110 | D:4      | 2110 ||| DROPPING potion of lignification.
  2114 | Ossuary  | Entered an ossuary
  2130 | Ossuary  | 2130 ||| RETREEEEATING.
  2131 | Ossuary  | 2131 ||| RETREEEEATING.
  2136 | Ossuary  | 2136 ||| RETREEEEATING.
  2137 | Ossuary  | 2137 ||| RETREEEEATING.
  2138 | Ossuary  | 2138 ||| RETREEEEATING.
  2141 | Ossuary  | 2141 ||| RETREEEEATING.
  2142 | Ossuary  | 2142 ||| RETREEEEATING.
  2143 | Ossuary  | 2143 ||| RETREEEEATING.
  2155 | Ossuary  | Reached XP level 7. HP: 17/35 MP: 8/8
  2567 | Ossuary  | 2567 ||| READING scroll labelled KEGO ELADUA.
  2568 | Ossuary  | 2568 ||| DRINKING 2 golden potions.
  2577 | D:4      | 2577 ||| PLANNING D:1-11
  2754 | D:5      | Entered Level 5 of the Dungeon
  2769 | D:5      | Reached skill level 3 in Fighting
  2776 | D:5      | Found Doret's Antique Weapon Shop.
  2782 | D:5      | Reached XP level 8. HP: 40/40 MP: 9/9
  2801 | D:5      | 2801 ||| FLEEEEING.
  2802 | D:5      | 2802 ||| FLEEEEING.
  2803 | D:5      | 2803 ||| FLEEEEING.
  2804 | D:5      | 2804 ||| FLEEEEING.
  2805 | D:5      | 2805 ||| FLEEEEING.
  2806 | D:5      | 2806 ||| FLEEEEING.
  2807 | D:5      | 2807 ||| FLEEEEING.
  2813 | D:5      | 2813 ||| FLEEEEING.
  2814 | D:5      | 2814 ||| FLEEEEING.
  2895 | D:5      | 2895 ||| SHOPLISTING brightly glowing shortbow (136 gold,
                  | have 98).
  3365 | D:5      | Reached skill level 9 in Ranged Weapons
  3577 | D:5      | Found a glowing golden altar of the Shining One.
  3578 | D:5      | Found a hide-covered altar of Uskayaw.
  3582 | D:5      | 3582 ||| READING scroll of identify.
  3582 | D:5      | 3582 ||| IDENTIFYING clear potion
  3583 | D:5      | 3583 ||| DROPPING potion of attraction.
  3683 | D:6      | Found a sacrificial altar of Ru.
  3686 | D:6      | 3686 ||| DROPPING amulet of the acrobat.
  3783 | D:6      | Found an opulent altar of Gozag.
  3912 | D:6      | Reached skill level 9 in Dodging
  3952 | D:6      | 3952 ||| READING scroll of identify.
  3952 | D:6      | 3952 ||| IDENTIFYING fuming blue potion
  3953 | D:6      | 3953 ||| DROPPING potion of berserk rage.
  4064 | D:6      | Found a staircase to the Ecumenical Temple.
  4065 | D:6      | 4065 ||| PLANNING TEMPLE
  4065 | D:6      | 4065 ||| DRINKING 2 fizzy purple potions.
  4065 | D:6      | Gained mutation: Your spells are a little harder to cast,
                  | but a little more powerful. [potion of mutation]
  4065 | D:6      | Gained mutation: You sometimes lose your temper in combat.
                  | [potion of mutation]
  4065 | D:6      | Gained mutation: You have a somewhat thin skeletal
                  | structure. (Dex +2, Stealth+) [potion of mutation]
  4065 | D:6      | Gained mutation: You are partially covered in iridescent
                  | scales. (AC +2) [potion of mutation]
  4066 | D:6      | 4066 ||| DRINKING potion of mutation.
  4066 | D:6      | Lost mutation: You are partially covered in iridescent
                  | scales. (AC +2) [potion of mutation]
  4066 | D:6      | Lost mutation: You have a somewhat thin skeletal structure.
                  | (Dex +2, Stealth+) [potion of mutation]
  4066 | D:6      | Lost mutation: Your spells are a little harder to cast, but
                  | a little more powerful. [potion of mutation]
  4066 | D:6      | Gained mutation: Your spells are a little harder to cast,
                  | but a little more powerful. [potion of mutation]
  4066 | D:6      | Gained mutation: Your skin changes colour to match your
                  | surroundings (Stealth+). [potion of mutation]
  4076 | Temple   | Entered the Ecumenical Temple
  4077 | Temple   | 4077 ||| PLANNING OKAWARU WORSHIP
  4101 | Temple   | Became a worshipper of Warmaster Okawaru
  4102 | Temple   | 4102 ||| PLANNING D:1-11
  4155 | D:6      | Identified the +14 plate armour of the Harvest Moon {Int+3}
  4519 | D:6      | 4519 ||| DROPPING ring of ice.
  4520 | D:6      | 4520 ||| UPGRADING to +4 ring of protection.
  4521 | D:6      | 4521 ||| READING scroll of identify.
  4521 | D:6      | 4521 ||| IDENTIFYING cyan potion
  4522 | D:6      | 4522 ||| READING scroll labelled ARIGIG NOOR.
  4637 | D:7      | 4637 ||| STAIRDANCE
  4645 | D:7      | 4645 ||| STAIRDANCE
  4657 | D:7      | 4657 ||| STAIRDANCE
  4784 | D:7      | Found Piclogikh's Magic Scroll Emporium.
  4791 | D:7      | 4791 ||| SHOPLISTING 3 scrolls of brand weapon (285 gold,
                  | have 174).
  4791 | D:7      | 4791 ||| BUYING scroll of identify (20 gold).
  4791 | D:7      | Bought a scroll of identify for 20 gold pieces
  4791 | D:7      | 4791 ||| BUYING scroll of teleportation (30 gold).
  4791 | D:7      | Bought a scroll of teleportation for 30 gold pieces
  4791 | D:7      | 4791 ||| BUYING scroll of teleportation (30 gold).
  4791 | D:7      | Bought a scroll of teleportation for 30 gold pieces
  4802 | D:7      | Reached XP level 9. HP: 33/44 MP: 10/10
  4802 | D:7      | 4802 ||| FLEEEEING.
  4804 | D:7      | 4804 ||| FLEEEEING.
  4805 | D:7      | 4805 ||| FLEEEEING.
  4806 | D:7      | 4806 ||| FLEEEEING.
  4807 | D:7      | 4807 ||| FLEEEEING.
  4808 | D:7      | 4808 ||| FLEEEEING.
  4809 | D:7      | 4809 ||| FLEEEEING.
  4810 | D:7      | 4810 ||| FLEEEEING.
  4811 | D:7      | 4811 ||| FLEEEEING.
  4812 | D:7      | 4812 ||| FLEEEEING.
  4813 | D:7      | 4813 ||| FLEEEEING.
  4814 | D:7      | 4814 ||| FLEEEEING.
  4815 | D:7      | 4815 ||| FLEEEEING.
  4817 | D:7      | 4817 ||| FLEEEEING.
  4819 | D:7      | 4819 ||| FLEEEEING.
  4820 | D:7      | 4820 ||| STAIRDANCE
  4845 | D:6      | 4845 ||| READING scroll of identify.
  4845 | D:6      | 4845 ||| IDENTIFYING pink potion
  5015 | D:7      | Reached * piety under Okawaru
  5062 | D:7      | Reached skill level 1 in Invocations
  5124 | D:7      | Found a flagged portal.
  5805 | D:7      | 5805 ||| DROPPING ring of resist corrosion.
  5806 | D:7      | 5806 ||| DROPPING ring of magical power.
  5856 | D:8      | 5856 ||| RETREEEEATING.
  5857 | D:8      | 5857 ||| RETREEEEATING.
  5858 | D:8      | 5858 ||| RETREEEEATING.
  5859 | D:8      | 5859 ||| RETREEEEATING.
  5861 | D:8      | 5861 ||| RETREEEEATING.
  5862 | D:8      | 5862 ||| RETREEEEATING.
  5875 | D:8      | Reached skill level 3 in Invocations
  5881 | D:8      | HP: 10/45 [yak (14)]
  5882 | D:8      | 5882 ||| READING 5 scrolls of teleportation.
  5883 | D:8      | 5883 ||| DRINKING 2 potions of heal wounds.
  5984 | D:8      | 5984 ||| RETREEEEATING.
  6046 | D:8      | 6046 ||| RETREEEEATING.
  6048 | D:8      | 6048 ||| RETREEEEATING.
  6049 | D:8      | 6049 ||| RETREEEEATING.
  6051 | D:8      | 6051 ||| RETREEEEATING.
  6052 | D:8      | 6052 ||| RETREEEEATING.
  6054 | D:8      | 6054 ||| RETREEEEATING.
  6055 | D:8      | 6055 ||| RETREEEEATING.
  6060 | D:8      | 6060 ||| RETREEEEATING.
  6063 | D:8      | 6063 ||| RETREEEEATING.
  6064 | D:8      | 6064 ||| RETREEEEATING.
  6065 | D:8      | 6065 ||| RETREEEEATING.
  6066 | D:8      | 6066 ||| RETREEEEATING.
  6067 | D:8      | 6067 ||| RETREEEEATING.
  6069 | D:8      | 6069 ||| RETREEEEATING.
  6070 | D:8      | 6070 ||| RETREEEEATING.
  6071 | D:8      | 6071 ||| RETREEEEATING.
  6082 | D:8      | Reached ** piety under Okawaru
  6172 | D:8      | Found a white marble altar of Elyvilon.
  6173 | D:8      | 6173 ||| SWAPPING to +0 orcbow.
  6174 | D:8      | 6174 ||| DROPPING +4 shortbow.
  6235 | D:8      | 6235 ||| READING scroll of enchant weapon.
  6235 | D:8      | 6235 ||| ENCHANTING +0 orcbow.
  6254 | D:8      | 6254 ||| RETREEEEATING.
  6258 | D:8      | 6258 ||| RETREEEEATING.
  6259 | D:8      | 6259 ||| RETREEEEATING.
  6260 | D:8      | 6260 ||| RETREEEEATING.
  6261 | D:8      | 6261 ||| RETREEEEATING.
  6262 | D:8      | 6262 ||| RETREEEEATING.
  6264 | D:8      | 6264 ||| RETREEEEATING.
  6265 | D:8      | 6265 ||| RETREEEEATING.
  6267 | D:8      | 6267 ||| RETREEEEATING.
  6268 | D:8      | 6268 ||| RETREEEEATING.
  6270 | D:8      | 6270 ||| RETREEEEATING.
  6272 | D:8      | 6272 ||| RETREEEEATING.
  6277 | D:8      | 6277 ||| RETREEEEATING.
  6278 | D:8      | 6278 ||| RETREEEEATING.
  6285 | D:8      | 6285 ||| INVOKING Heroism.
  6288 | D:8      | Reached XP level 10. HP: 38/49 MP: 11/14
  6419 | D:8      | 6419 ||| READING 2 scrolls of enchant weapon.
  6419 | D:8      | 6419 ||| ENCHANTING +1 orcbow.
  6420 | D:8      | 6420 ||| READING scroll of enchant weapon.
  6420 | D:8      | 6420 ||| ENCHANTING +2 orcbow.
  6666 | D:8      | 6666 ||| DROPPING +6 ring of strength.
  6667 | D:8      | 6667 ||| READING 2 scrolls of identify.
  6667 | D:8      | 6667 ||| IDENTIFYING viscous green potion
  6668 | D:8      | 6668 ||| READING scroll of identify.
  6668 | D:8      | 6668 ||| IDENTIFYING scroll labelled PUHEPT OMEOQACAMP
  6669 | D:8      | 6669 ||| DROPPING potion of degeneration.
  6670 | D:8      | 6670 ||| DROPPING scroll of immolation.
  6685 | D:9      | 6685 ||| INVOKING Heroism.
  6774 | D:9      | 6774 ||| RETREEEEATING.
  6788 | D:9      | Reached skill level 12 in Dodging
  6849 | D:9      | Found a staircase to the Orcish Mines.
  6881 | D:9      | Reached *** piety under Okawaru
  6925 | D:9      | HP: 11/49 [vampire/vampiric draining (20)]
  6926 | D:9      | 6926 ||| READING 4 scrolls of teleportation.
  6927 | D:9      | 6927 ||| DRINKING potion of heal wounds.
  7077 | D:9      | 7077 ||| Stepping ~*~*~tactically~*~*~ (cloud).
  7082 | D:9      | HP: 10/49 [steam dragon] (8)]
  7083 | D:9      | 7083 ||| READING 3 scrolls of teleportation.
  7457 | D:9      | 7457 ||| DRINKING 12 potions of curing.
  7457 | D:9      | 7457 ||| (to cure confusion)
  7613 | D:9      | Reached skill level 12 in Ranged Weapons
  7624 | D:9      | 7624 ||| UPGRADING to +0 cloak.
  7629 | D:9      | 7629 ||| UPGRADING to +0 steam dragon scales.
  7639 | D:9      | 7639 ||| DROPPING +0 robe.
  7665 | D:10     | Entered Level 10 of the Dungeon
  7708 | D:10     | Noticed Urug
  7709 | D:10     | 7709 ||| INVOKING Heroism.
  7719 | D:10     | Killed Urug
  7825 | D:10     | Noticed Harold
  7826 | D:10     | 7826 ||| INVOKING Heroism.
  7836 | D:10     | Killed Harold
  7836 | D:10     | Reached **** piety under Okawaru
  7919 | D:10     | Noticed Maurice
  7920 | D:10     | 7920 ||| INVOKING Finesse.
  7921 | D:10     | 7921 ||| INVOKING Finesse.
  7934 | D:10     | Killed Maurice
  7976 | D:10     | Reached XP level 11. HP: 56/56 MP: 15/15
  8251 | D:10     | Found a staircase to the Lair.
  8271 | D:10     | HP: 2/56 [komodo dragon (20)]
  8272 | D:10     | 8272 ||| READING 2 scrolls of teleportation.
  8272 | D:10     | Slain by an orc priest

Levels and vault maps discovered:
D:1:      dpeg_arrival_simpleton_a, layout_basic
D:2:      layout_rooms, uniq_natasha, uniq_jessica
D:3:      layout_basic, nicolae_sif_muna_condensation, xom_butterflies,
          gammafunk_ghost_icy
D:4:      layout_cave_pools, nicolae_ossuary_entry_giza, serial_shops,
          nicolae_square_shop
D:5:      layout_loops_ring, nicolae_overflow_hidden_temple, serial_shops, shop
D:6:      layout_basic, nicolae_ru_sacrificial_ziggurat, lemuel_round_altar,
          minmay_temple_entry_gardened_gates, dk_vineyard_1
D:7:      layout_loops_corners, serial_shops, nicolae_shop_trees,
          enter_bailey_3, lemuel_flame_loot_1
D:8:      layout_cave_pools, nicolae_elyvilon_peaceful_grove,
          dreamdust_gnoll_shepherd
D:9:      layout_loops_ring, david_orc_2
D:10:     layout_rooms, david_lair_shrubbed, uniq_harold, uniq_urug,
          uniq_maurice
Temple:   regret_index_temple_waves

Skill      XL: |  1  2  3  4  5  6  7  8  9 10 |
---------------+-------------------------------+-----
Dodging        | 3 4 5 6 7 9 11 12 | 12.7
Ranged Weapons | 5 6 8 10 12 | 12.0
Fighting       | 2 3 4 5 |  5.4
Invocations    | 4 |  4.7
Armour         | 2 |  2.4
Stealth        | |  1.5

Action                     |  1- 3 |  4- 6 |  7- 9 | 10-12 || total
---------------------------+-------+-------+-------+-------++-------
   Fire: Shortbow          |    74 |   137 |   503 |       ||   714
         Orcbow            |       |       |    19 |   245 ||   264
 Invoke: Heroism           |       |       |     1 |     3 ||     4
         Finesse           |       |       |       |     1 ||     1
    Use: Scroll            |     7 |    10 |     8 |     7 ||    32
         Potion            |       |       |     4 |     2 ||     6
 Armour: Robe              |     5 |    14 |    46 |    17 ||    82
         Steam dragon scal |       |       |       |    15 ||    15
  Dodge: Dodged            |    19 |    46 |   235 |   122 ||   422
  Block: Other             |       |     4 |    44 |    31 ||    79
         Reflection        |       |       |     2 |     2 ||     4

Table legend:
 A = Non-vault XP
 B = Vault XP
 C = Vault XP percentage of total XP
 D = Non-vault monster count
 E = Vault monster count
 F = Vault count percentage of total count
                 A         B        C        D         E       F
            +---------+---------+-------+---------+---------+-------
      Total |    7682 |    3990 |  34.2 |     204 |      50 |  19.7
            +---------+---------+-------+---------+---------+-------
        D:1 |      45 |       0 |   0.0 |      26 |       0 |   0.0
        D:2 |     120 |      73 |  37.8 |      22 |       2 |   8.3
        D:3 |      47 |       0 |   0.0 |      16 |       0 |   0.0
        D:4 |     267 |      20 |   7.0 |      12 |       3 |  20.0
        D:5 |     820 |       0 |   0.0 |      25 |       0 |   0.0
        D:6 |     624 |       0 |   0.0 |      31 |       0 |   0.0
        D:7 |    1075 |       7 |   0.6 |      29 |       4 |  12.1
        D:8 |    1897 |     674 |  26.2 |      19 |       4 |  17.4
        D:9 |    1551 |     270 |  14.8 |      14 |       5 |  26.3
       D:10 |    1236 |    2229 |  64.3 |      10 |       3 |  23.1
    Ossuary |       0 |     717 | 100.0 |       0 |      29 | 100.0
            +---------+---------+-------+---------+---------+-------
